 Dungeon Crawl Stone Soup version 0.17-a0-1515-gfae3d72 (webtiles) character file.

44 nubinia the Magician (level 3, 24/24 HPs)
             Began as a Mummy Wizard on July 12, 2015.
             Quit the game on level 1 of the Dungeon on July 13, 2015.
             The game lasted 00:13:34 (2823 turns).

nubinia the Magician (Mummy Wizard)                 Turns: 2823, Time: 00:13:34

Health: 24/24      AC:  5    Str: 10    XL:     3   Next: 41%
Magic:  7/8        EV: 12    Int: 17    God:
Gold:   32         SH:  0    Dex: 15    Spells: 3 memorised, 4 levels left

rFire  x . .     SeeInvis .     e - +0 dagger
rCold  + . .     Clarity  .     a - +0 robe
rNeg   + + +     SustAt   .     (no shield)
rPois  ∞         Gourm    .     b - +0 hat
rElec  .         Spirit   .     (no cloak)
rCorr  .         Warding  .     i - +2 pair of gloves
rMut   .         Stasis   .     (no boots)
MR     .....                    (no amulet)
Stlth  ++........               (no ring)
                                d - +4 ring of dexterity

@: repel missiles, not resistant to hostile enchantments, unstealthy
A: no food or potions, fire vulnerability, cold resistance 1, negative energy
resistance 3, torment resistance, unbreathing
a: no special abilities


You were on level 1 of the Dungeon.
You were not hungry.

You visited 1 branch of the dungeon, and saw 2 of its levels.

You collected 32 gold pieces.

Inventory:

Hand weapons
 e - a +0 dagger (weapon)
Missiles
 l - 16 poisoned needles
Armour
 a - a +0 robe (worn)
 b - a +0 hat (worn)
 i - a +2 pair of gloves (worn)
Jewellery
 d - a +4 ring of dexterity (left hand)
Scrolls
 f - 2 scrolls of identify {unknown}
 g - a scroll of remove curse {unknown}
 h - a scroll of fear {unknown}
 j - a scroll of enchant weapon {unknown}
 k - a scroll of immolation {unknown}
Books
 c - a book of Minor Magic

   Spells                             Type                      Level
   a - Magic Dart                     Conjuration                  1
   b - Blink                          Translocation                2
   c - Call Imp                       Summoning                    2
   d - Repel Missiles                 Charms/Air                   2
   e - Slow                           Hexes                        2
   f - Conjure Flame                  Conjuration/Fire             3
   g - Mephitic Cloud                 Conjuration/Poison/Air       3


   Skills:
 + Level 2.0 Dodging
 + Level 2.1 Stealth
 + Level 3.7 Spellcasting
 + Level 1.0 Conjurations
   Level 0.7 Summonings
 + Level 0.7 Translocations


You had 4 spell levels left.
You knew the following spells:

 Your Spells              Type           Power        Failure   Level  Hunger
a - Magic Dart            Conj           #...         14%         1    N/A
b - Blink                 Tloc           N/A          21%         2    N/A
r - Repel Missiles        Chrm/Air       #.....       30%         2    N/A

Dungeon Overview and Level Annotations

Branches:
Dungeon (2/15)

Altars:

Annotations:
D:2 Terence


Innate Abilities, Weirdness & Mutations

You do not eat or drink.
Your flesh is vulnerable to fire.
You are immune to poison.
Your flesh is cold resistant.
You are immune to negative energy.
You are immune to unholy pain and torment.
You can survive without breathing.


Message History

You climb upwards.
There is a stone staircase leading down here.
You see here a giant gecko skeleton.
Your magical contamination has completely faded away.
You see here a dagger.
Magic restored.
HP restored.
You see here a club.
A goblin comes into view. It is wielding a dagger.
Unknown command.
Unknown command.
Unknown command.
Casting: Magic Dart
Confirm with . or Enter, or press ? or * to list all spells.
Aiming: Magic Dart
Press: ? - help, Shift-Dir - straight line, f - goblin
Aim: a goblin, wielding a dagger (hasn't noticed you)
The magic dart hits the goblin.
You kill the goblin!
Are you sure you want to abandon this character and quit the game? (Confirm with "yes".)

#.#######################.#
#..........................
#########################.# #.#
#.#
###############################.#
.......................).........
###############################.#
..........)[....@....)...........
######.########################.#
# #.# #.# ######.# #.#
.....#.############ #.#
.§..§#............# #..
≈≈≈≈≈≈≈##########.# ### ≈≈§≈≈8≈#
#.# ≈≈≈≈8≈≈# #.# #


There were no monsters in sight!

Vanquished Creatures
  A worm (D:2)
  A giant gecko (D:1)
  A giant cockroach (D:2)
  8 goblins
  4 hobgoblins
  6 kobolds
  9 bats
  A giant newt (D:1)
  9 rats
40 creatures vanquished.

Notes
Turn   | Place    | Note
--------------------------------------------------------------
     0 | D:1      | nubinia the Mummy Wizard began the quest for the Orb.
     0 | D:1      | Reached XP level 1. HP: 13/13 MP: 4/4
   501 | D:1      | Reached XP level 2. HP: 11/19 MP: 0/6
   995 | D:1      | Reached skill level 1 in Conjurations
  1308 | D:1      | Learned a level 2 spell: Blink
  1311 | D:1      | Learned a level 2 spell: Repel Missiles
  1579 | D:2      | Reached XP level 3. HP: 24/24 MP: 8/8
  1617 | D:2      | Noticed Terence
  2823 | D:1      | Quit the game

Vault maps used:
D:1:      lightli_arrival_boilingwater
D:2:      first_bread, uniq_terence

Action                   || total
-------------------------++-------
Melee: Unarmed           ||    10
       Dagger            ||    59
 Cast: Magic Dart        ||   108
       Blink             ||     1
       Repel Missiles    ||     1
 Stab: Sleeping          ||     6
       Distracted        ||     1
